 Dungeon Crawl Stone Soup version 0.28-a0-723-g095bd1b44f (webtiles) character file.

Game seed: 6531764289989599333

125 BlueGoblin the Skirmisher (level 5, 0/57 HPs)
             Began as an Ogre Monk on Oct 26, 2021.
             Slain by an ice beast (2 damage)
             ... on level 4 of the Dungeon.
             The game lasted 00:03:34 (2707 turns).

BlueGoblin the Skirmisher (Ogre Monk)               Turns: 2707, Time: 00:03:35

Health: 0/57       AC:  3    Str: 15    XL:     5   Next: 9%
Magic:  5/5        EV: 11    Int: 11    God:
Gold:   89         SH:  0    Dex: 18    Spells: 4/4 levels left

rFire   . . .      SeeInvis .   h - +2 spear (vamp)
rCold   . . .      Faith    .   (no shield)
rNeg    . . .      Spirit   .   b - +0 robe
rPois   .          Reflect  .   (helmet restricted)
rElec   .          Harm     .   (no cloak)
rCorr   .          Rampage  .   (gloves unavailable)
Will    .....                   (boots unavailable)
Stlth   ++........              (no amulet)
HPRegen 0.19/turn               c - +6 ring of dexterity
MPRegen 0.09/turn               (no ring)

@: no status effects
A: large, unfitting armour, tough skin 1
a: no special abilities


You were on level 4 of the Dungeon.
You visited 1 branch of the dungeon, and saw 6 of its levels.

You collected 89 gold pieces.

Inventory:

Hand Weapons
 a - a +0 spear
 h - a +2 vampiric spear (weapon)
Armour
 b - a +0 robe (worn)
Jewellery
 c - a +6 ring of dexterity (left hand)
Scrolls
 f - a scroll of brand weapon {unknown}
 g - 2 scrolls of identify {unknown}
Potions
 d - 2 potions of cancellation {unknown}
 e - a potion of attraction {unknown}
 i - a potion of flight {unknown}
 j - a potion of berserk rage {unknown}
 k - a potion of heal wounds {unknown}


   Skills:
 + Level 5.0 Fighting
 + Level 4.4 Polearms
 + Level 3.4 Dodging
 - Level 1.4 Stealth


You had 4 spell levels left.
You didn't know any spells.
Your spell library contained the following spells:

 Spells                   Type           Power      Damage    Failure   Level
 Portal Projectile        Hex/Tloc       0%         N/A       71%         3
 Blade Hands              Tmut           0%         N/A       100%        5
 Excruciating Wounds      Necr           0%         N/A       100%        5


Dungeon Overview and Level Annotations

Branches:
Dungeon (6/15)
 Temple: D:4-7

Altars:
Fedhas


Innate Abilities, Weirdness & Mutations

You are too large for most types of armour.
You have tough skin. (AC +1)


Message History

The ice beast is severely wounded.
The ice beast hits you. The ice beast freezes you!
You are too injured to fight recklessly!
Reach: h) +2 spear (vamp)
Press: ? - help, Dir - move target, f/p - ice beast
Aim: an ice beast (severely wounded, about 31% to evade your +2 vampiric spear)
You puncture the ice beast!
The ice beast is almost dead.
The ice beast hits you.
* * * LOW HITPOINT WARNING * * *
The ice beast freezes you.
* * * LOW HITPOINT WARNING * * *
Reach: h) +2 spear (vamp)
Press: ? - help, Dir - move target, f/p - ice beast
Aim: an ice beast (almost dead, about 31% to evade your +2 vampiric spear)
You reach to attack!
You hit the ice beast but do no damage.
The ice beast is almost dead.
You see here a +0 robe.
A dart slug comes into view.
Found a stone staircase leading up.
The dart slug launches a dart at you. The slug dart misses you.
The dart slug launches a dart at you. The slug dart misses you.
There is a stone staircase leading up here.
The ice beast hits you. The ice beast freezes you.
* * * LOW HITPOINT WARNING * * *
You climb upwards.
Found 14 gold pieces.
There is a stone staircase leading down here.
You closely miss the ice beast.
The ice beast is almost dead.
The ice beast hits you.
* * * LOW HITPOINT WARNING * * *
The ice beast freezes you!
* * * LOW HITPOINT WARNING * * *
You hit the ice beast but do no damage.
The ice beast is almost dead.
The ice beast hits you.
You die...

#######.#
#@.B.....
......Y..####.#
.....##..# ..$.
#..# ##. #...
.g ..... #
#.#.. .....#


You could see an ice beast, a giant cockroach (asleep) and a hobgoblin (asleep).

Vanquished Creatures
  A bullfrog zombie (D:5)
  A bullfrog skeleton (D:5)
  An adder (D:5)
  2 worms (D:2)
  A dart slug (D:1)
  2 orcs
  7 endoplasms
  5 giant cockroaches
  4 hobgoblins
  A quokka (D:2)
  4 ball pythons
  8 bats
  A frilled lizard (D:3)
  A goblin (D:2)
  A kobold (D:3)
  4 rats
44 creatures vanquished.

Notes
Turn   | Place    | Note
-------+----------+-------------------------------------------
     0 | D:1      | BlueGoblin the Ogre Monk began the quest for the Orb.
     0 | D:1      | Reached XP level 1. HP: 24/24 MP: 1/1
   247 | D:1      | Reached XP level 2. HP: 27/32 MP: 2/2
   601 | D:1      | Found Daluwk's Magic Scroll Shop.
  1116 | D:2      | Reached XP level 3. HP: 37/40 MP: 3/3
  2257 | D:3      | You fall into a shaft and drop 3 floors!
  2271 | D:5      | Entered Level 5 of the Dungeon
  2287 | D:5      | Reached XP level 4. HP: 46/49 MP: 4/4
  2360 | D:5      | Found a blossoming altar of Fedhas.
  2473 | D:5      | Reached skill level 5 in Fighting
  2473 | D:5      | Reached XP level 5. HP: 35/57 MP: 5/5
  2653 | D:5      | Noticed an ice beast
  2706 | D:4      | HP: 2/57 [ice beast (8)]
  2707 | D:4      | Slain by an ice beast

Illustrated notes

Levels and vault maps discovered:
D:1:      eino_arrival_water_star, layout_basic, serial_shops,
          nicolae_lakefront_shop
D:2:      layout_basic, minmay_tromino_mix6
D:3:      layout_rooms, serial_shops, shop_fountains, shop, shop,
          nicolae_lakefront_shop, nicolae_shop_crystal
D:4:      layout_basic, marbit_many_paths, amethyst_overflow_temple_binary,
          uniq_grinder
D:5:      layout_loops_ring, nicolae_overflow_crystal_walls,
          minmay_temple_entry_mini_moons
D:6:      layout_rooms, nicolae_uskayaw_en_pointe, serial_shops,
          nicolae_shop_statue_plus, st_stairs_14

Skill      XL: |  1  2  3  4 |
---------------+-------------+-----
Dodging        | 3 |  3.4
Polearms       | 4 |  4.4
Fighting       | 5 |  5.0
Stealth        | |  1.4

Action                   |  1- 3 |  4- 6 || total
-------------------------+-------+-------++-------
Melee: Spear             |   191 |    28 ||   219
 Stab: Sleeping          |     6 |     1 ||     7
Armor: Robe              |    57 |     5 ||    62
Dodge: Dodged            |   105 |     7 ||   112

Table legend: (Time is in decaauts)
 A = Elapsed time spent in this place.
 B = Non-inter-level travel time spent in this place.
 C = Inter-level travel time spent in this place.
 D = Time resting spent in this place.
 E = Time spent auto-exploring this place.
 F = Levels seen in this place.
 G = Mean time per level.
                   A        B        C        D        E       F      G
               +--------+--------+--------+--------+--------+-----+--------+
         Total |   2690 |   2579 |    111 |    372 |   1692 |   6 |  448.3 |
       Dungeon |   2690 |   2579 |    111 |    372 |   1692 |   6 |  448.3 |
               +--------+--------+--------+--------+--------+-----+--------+

Top non-repeatable levels by time:
     D:2: 1466 daAuts
     D:1: 724 daAuts
     D:5: 429 daAuts
     D:3: 54 daAuts
     D:6: 13 daAuts
     D:4: 1 daAuts
